 Dungeon Crawl Stone Soup version 0.20.1-1-g8b1a95d (webtiles) character file.

1603 Jukra the Covered (level 8, -1/66 HPs)
             Began as a Deep Dwarf Berserker on Sept 4, 2017.
             Was an Elder of Trog.
             Slain by an orc warrior
             ... wielding a +0 long sword
              (12 damage)
             ... on level 6 of the Dungeon.
             The game lasted 00:17:32 (5395 turns).

Jukra the Covered (Deep Dwarf Berserker)            Turns: 5395, Time: 00:17:33

Health: -1/66      AC: 15    Str: 28    XL:     8   Next: 63%
Magic:  8/8        EV: 10    Int:  8    God:    Trog [****..]
Gold:   283        SH:  0    Dex: 12    Spells: 7/7 levels left

rFire    . . .     SeeInvis +   D - +10 rapier "Quiclass" {pierce, rN++ Str+5 Stlth+}
rCold    . . .     Gourm    +   (no shield)
rNeg     + + .     Faith    .   w - +0 chain mail (curse)
rPois    .         Spirit   .   z - +1 helmet
rElec    .         Reflect  .   (no cloak)
rCorr    .         Harm     .   l - +0 pair of gloves
MR       +....                  i - +0 pair of boots
Stlth    ..........             j - amulet of the gourmand
Regen    0.0/turn               q - ring of see invisible
MPRegen  0.2/turn               (no ring)

@: non-regenerating, drained
A: damage resistance, heal wounds, frail 1, sense surroundings 1, no
regeneration
a: Heal Wounds, Berserk, Trog's Hand, Brothers in Arms, Burn Spellbooks,
Renounce Religion


You were on level 6 of the Dungeon.
You worshipped Trog.
Trog was greatly pleased with you.
You were not hungry.

You visited 2 branches of the dungeon, and saw 7 of its levels.

You collected 283 gold pieces.

Inventory:

Hand Weapons
 n - the +1 spear "Utiur" {elec, *Slow +Rage MR+}
   (You found it on level 5 of the Dungeon)

   Occasionally, upon striking a foe, it will discharge some electrical energy
   and cause terrible harm.
   It affects your resistance to hostile enchantments.
   It lets you go berserk.
   It may slow you when you take damage.
 D - the +10 rapier "Quiclass" (weapon) {pierce, rN++ Str+5 Stlth+}
   (You found it on level 5 of the Dungeon)

   It inflicts extra damage upon your enemies.
   It affects your strength (+5).
   It greatly protects you from negative energy.
   It makes you more stealthy.
Missiles
 p - 7 tomahawks of dispersal (quivered)
Armour
 i - a +0 pair of boots (worn)
 l - a +0 pair of gloves (worn)
 w - a cursed +0 chain mail (worn)
 z - a +1 helmet (worn)
Jewellery
 j - an amulet of the gourmand (around neck)
 k - an uncursed amulet of harm
 q - a ring of see invisible (left hand)
Wands
 b - a wand of lightning (8/15)
 o - a wand of acid (7/15)
 v - a wand of paralysis (7/24)
Scrolls
 a - a scroll of magic mapping
 f - 2 scrolls of identify
 g - 5 scrolls of enchant armour
 m - 4 scrolls of teleportation
 u - 7 scrolls of remove curse
 C - a scroll of blinking
Potions
 e - a potion of berserk rage
 h - a potion of ambrosia
 r - a potion of might {unknown}
 t - a potion of haste
Comestibles
 c - 2 bread rations
 d - 3 royal jellies
 s - 2 meat rations


   Skills:
 * Level 5.1(4.4) Fighting
 + Level 3.3(2.9) Short Blades
   Level 2.0(2.5) Long Blades
   Level 5.2 Axes
 + Level 3.2(3.6) Polearms
 * Level 7.3(6.5) Armour
 + Level 3.1(2.5) Dodging
 - Level 0.3(0.0) Stealth


You had 7 spell levels left.
You didn't know any spells.

Dungeon Overview and Level Annotations

Branches:
Dungeon (6/15)             Temple (1/1) D:6

Altars:
Ashenzari
Cheibriados
Dithmenos
Elyvilon
Fedhas
Gozag
Kikubaaqudgha
Nemelex Xobeh
Okawaru
Ru
Sif Muna
Trog
Uskayaw
Vehumet
Xom
Yredelemnul
The Shining One

Shops:
D:5 *


Innate Abilities, Weirdness & Mutations

You are resistant to damage.
You can heal yourself by infusing magical energy.
You passively map a small area around you.
You do not regenerate.
You are frail. (-10% HP)


Message History

The orc closely misses you.
The bullfrog hits you but does no damage.
The kobold closely misses you.
You hear a shout!
Unknown command.
The bullfrog hits you but does no damage.
An orc comes into view. It is wielding a club.
The bullfrog hits you but does no damage.
You puncture the bullfrog!
You kill the bullfrog!
Trog accepts your kill.
The orc warrior throws a tomahawk.
The tomahawk barely misses you.
The orc warrior hits you with a long sword!
* * * LOW HITPOINT WARNING * * *
The kobold hits you.
You hit the orc warrior.
The orc warrior is lightly wounded.
The kobold barely misses you.
The orc warrior hits you with a long sword!
You die...

.#..# ##..### ####### *
##....####(....# *
#.......(......#
#.##...........### *
..........(.....># ,
#.###.#....((..#.# *
#.###.#.#...)†.#.#
..#.....#......#@#
..#.#.###..###†Ko#
..#.#.........oo#######
..#.######.###.o.......*
*
..#.######.###...#####.
* #.#.....##....%..#* ,
........##.###...o..o...
##......##.. +...o#####.
....######..*#......


You could see an orc warrior, an orc priest, 2 orcs and a kobold.

Vanquished Creatures
  The ghost of letownia the Insei, a novice OpTm (D:6)
  An ice beast (D:5)
  A sky beast (D:5)
  A centaur (D:6)
  Blork the orc (D:4)
  2 bullfrogs (D:6)
  A scorpion (D:4)
  A crimson imp (D:5)
  2 hounds (D:6)
  2 orc priests
  A centaur skeleton (D:5)
  An orc wizard (D:4)
  Ijyb (D:3)
  6 worker ants
  A hound skeleton (D:5)
  A howler monkey skeleton (D:6)
  10 gnolls
  8 adders
  An ooze (D:3)
  2 adder skeletons
  3 worms
  6 leopard geckos
  16 orcs
  13 bats
  12 giant cockroaches
  5 goblins
  14 hobgoblins
  13 kobolds
  A quokka (D:4)
  3 ball pythons
  5 frilled lizards
  7 rats
143 creatures vanquished.

Notes
Turn   | Place    | Note
-------+----------+-------------------------------------------
     0 | D:1      | Jukra the Deep Dwarf Berserker began the quest for the Orb.
     0 | D:1      | Reached XP level 1. HP: 20/20 MP: 1/1
   142 | D:1      | Reached XP level 2. HP: 22/27 MP: 2/2
  1168 | D:1      | Reached XP level 3. HP: 33/34 MP: 3/3
  1247 | D:2      | Reached ** piety under Trog
  1378 | D:2      | Reached XP level 4. HP: 25/42 MP: 4/4
  1675 | D:2      | Found a shattered altar of Ashenzari.
  2229 | D:3      | Reached skill level 3 in Armour
  2276 | D:3      | Noticed Ijyb
  2277 | D:3      | Reached skill level 5 in Axes
  2279 | D:3      | Paralysed by Ijyb for 7 turns
  2289 | D:3      | Paralysed by Ijyb for 5 turns
  2294 | D:3      | Killed Ijyb
  2294 | D:3      | Reached skill level 1 in Long Blades
  2294 | D:3      | Reached XP level 5. HP: 41/49 MP: 5/5
  2368 | D:3      | Reached *** piety under Trog
  3081 | D:3      | Found a blossoming altar of Fedhas.
  3084 | D:3      | Found a deep blue altar of Sif Muna.
  3124 | D:3      | Reached skill level 4 in Armour
  3218 | D:3      | Reached XP level 6. HP: 56/56 MP: 6/6
  3514 | D:4      | Reached skill level 1 in Polearms
  3536 | D:4      | Noticed Blork the orc
  3572 | D:4      | Killed Blork the orc
  3619 | D:4      | Reached skill level 5 in Armour
  3777 | D:4      | Reached XP level 7. HP: 56/62 MP: 7/7
  4231 | D:5      | Entered Level 5 of the Dungeon
  4234 | D:5      | Got a bloodstained rapier
  4235 | D:5      | Identified the +10 rapier "Quiclass" {pierce, rN++ Str+5 Stlth+} (You found it on level 5 of the Dungeon)
  4417 | D:5      | Found Vaiwkowa's General Store.
  4457 | D:5      | Gained mutation: You are frail. (-10% HP) [mutagenic meat]
  4650 | D:5      | Got a warped spear
  4651 | D:5      | Identified the +1 spear "Utiur" {elec, *Slow +Rage MR+} (You found it on level 5 of the Dungeon)
  4907 | D:6      | Reached skill level 6 in Armour
  4914 | D:6      | Received a gift from Trog
  4969 | D:6      | Found a staircase to the Ecumenical Temple.
  4993 | Temple   | Entered the Ecumenical Temple
  5177 | D:6      | Noticed letownia's ghost (novice OpTm)
  5191 | D:6      | Killed letownia's ghost
  5191 | D:6      | Reached XP level 8. HP: 57/65 MP: 8/8
  5348 | D:6      | Reached **** piety under Trog
  5355 | D:6      | Reached skill level 5 in Fighting
  5355 | D:6      | Reached skill level 7 in Armour
  5395 | D:6      | Slain by an orc warrior

Skill      XL: |  1  2  3  4  5  6  7  8 |
---------------+-------------------------+-----
Fighting       | 3 4 5 |  5.1
Axes           | 4 5 |  5.2
Armour         | 3 4 5 6 7 |  7.3
Long Blades    | 1 2 |  2.0
Polearms       | 2 3 |  3.2
Short Blades   | 2 3 |  3.3
Dodging        | 3 |  3.1
Stealth        | |  0.3

Action                   |  1- 3 |  4- 6 |  7- 9 || total
-------------------------+-------+-------+-------++-------
Melee: Hand axe          |   117 |    34 |       ||   151
       Falchion          |       |    40 |       ||    40
       Trident           |       |   175 |    10 ||   185
       Rapier            |       |       |    94 ||    94
Invok: Burn Spellbooks   |       |       |     1 ||     1
 Abil: Heal Wounds       |     1 |     7 |     1 ||     9
  Use: Potion            |     3 |       |     3 ||     6
       Scroll            |     1 |     5 |     5 ||    11
 Stab: Sleeping          |     2 |       |       ||     2
  Eat: Chunk             |     1 |     3 |     9 ||    13
       Bread ration      |       |     1 |       ||     1
       Fruit             |       |     1 |       ||     1
Armor: Animal skin       |     7 |       |       ||     7
       Leather armour    |     4 |       |       ||     4
       Ring mail         |     2 |       |       ||     2
       Chain mail        |    20 |   274 |    66 ||   360
Dodge: Dodged            |    77 |   178 |    66 ||   321
       Rpst.: Falchion   |       |    12 |       ||    12
